Map: Tritão LE

Players

LowLinK - Winner!

  • Race: Protoss Protoss
  • League: Diamond
  • Spawn Location: 5:00

PobreInfeliz

  • Race: Terran Terran
  • League: Diamond
  • Spawn Location: 11:00

VOD

Have the link to the VOD?

Description

Time

  • Played on: Feb. 20, 2020, 3:30 p.m.
  • Length: 5:31
Show
View Real Time Build Order
Export as new Build Order

LowLinK Protoss - Winner!

Build Orders:  

Get SALT Encoding   

  12  0:01  Probe  
  13  0:13  Probe  
  14  0:17  Pylon  
  14  0:25  Probe  
  15  0:35  Gateway  
  15  0:37  Probe (Chrono Boost)  
  16  0:47  Probe (Chrono Boost), Assimilator  
  17  0:52  Probe (Chrono Boost)  
  18  0:57  Assimilator  
  18  1:03  Probe  
  19  1:15  Probe  
  20  1:21  Pylon  
  20  1:23  Cybernetics Core  
  20  1:28  Probe  
  21  1:40  Probe  
  21  1:45  Gateway  
  22  1:52  Probe  
  22  1:53  Pylon  
  23  1:55  Warp Gate (Chrono Boost)  
  23  2:05  Stalker  
  25  2:12  Gateway  
  25  2:27  Gateway  
  25  2:33  Gateway  
  25  2:52  Pylon  
  25  3:08  Pylon  
  25  3:29  Sentry  
  25  3:30  Stalker x4  
  35  3:46  Stalker  
  37  3:53  Stalker x3  
  43  3:56  Stalker  
  41  4:16  Stalker x2  
  41  4:25  Stalker  
  41  4:27  Sentry  
  43  4:33  Stalker  
  45  4:53  Stalker x2  
  49  5:05  Stalker  
  48  5:10  Stalker  
  41  5:28  Stalker  
Show
View Real Time Build Order
Export as new Build Order

PobreInfeliz Terran 

Build Orders: Banshee Rush 

Get SALT Encoding   

  12  0:01  SCV  
  13  0:13  SCV  
  14  0:17  Supply Depot  
  14  0:25  SCV  
  15  0:38  SCV  
  15  0:39  Barracks  
  16  0:43  Refinery  
  16  0:50  SCV  
  17  1:03  SCV  
  18  1:15  SCV  
  19  1:26  Marine  
  19  1:27  Orbital Command  
  20  1:40  Command Center  
  20  1:44  Barracks Reactor  
  20  1:53  Supply Depot  
  20  1:55  SCV  
  21  2:06  Factory  
  21  2:12  Refinery  
  21  2:13  SCV  
  22  2:24  Marine, Bunker  
  22  2:28  Marine  
  24  2:31  SCV  
  25  2:48  SCV  
  26  2:53  Starport  
  26  2:58  Orbital Command  
  26  2:59  Barracks Tech Lab  
  26  3:04  Widow Mine  
  28  3:09  Hellion  
  28  3:12  SCV  
  31  3:25  SCV  
  32  3:28  Supply Depot  
  32  3:36  Cloaking Field, Banshee  
  32  3:39  Barracks Tech Lab  
  35  3:42  Hellion  
  35  3:46  Hellion  
  35  3:48  SCV  
  40  3:49  SCV  
  41  3:58  Engineering Bay  
  41  4:00  SCV  
  42  4:04  SCV  
  43  4:17  Orbital Command  
  39  4:20  Siege Tank  
  39  4:21  SCV  
  38  4:27  Factory  
  29  4:32  Supply Depot  
  29  4:33  SCV  
  31  4:45  SCV, Banshee  
Tags
 
Add a new tag
Caveats
  • Supply blocks, unpowered buildings, or Contaminate may cause inaccurate times.
  • Supply counts are checked every 10 seconds.